 Dungeon Crawl Stone Soup version 0.18-a0-1507-g69458e0 (webtiles) character file.

256903 glosham the Shatterer (level 19, -1/209 HPs)
             Began as an Ogre Fighter on Mar 4, 2016.
             Was the Champion of Cheibriados.
             Slain by a slime creature (12 damage)
             ... on level 1 of the Pits of Slime on Mar 5, 2016.
             The game lasted 08:52:25 (30747 turns).

glosham the Shatterer (Ogre Fighter)               Turns: 30747, Time: 08:52:25

Health: -1/209     AC: 21    Str: 48    XL:     19   Next: 82%
Magic:  38/38      EV: 20    Int: 23    God:    Cheibriados [******]
Gold:   1130       SH:  0    Dex: 23    Spells: 3 memorised, 43 levels left

rFire  + + .     SeeInvis .     a - +6 giant spiked club (elec)
rCold  + . .     Gourm    .     X - +3 pearl dragon armour
rNeg   + + .     Faith    .     (shield currently unavailable)
rPois  +         Spirit   .     W - -2 hat of the Alchemist {rElec rPois rF+ rC+ rN+ MR+ rMut rCorr}
rElec  +         Dismiss  +     Y - +1 cloak {rF+}
rCorr  +         Reflect  .     (gloves unavailable)
rMut   +         Harm     .     (boots unavailable)
SustAt .                        z - amulet of dismissal
MR     ++...                    B - ring of wizardry
Stlth  ..........               A - +3 ring of evasion

@: repel missiles, very slow, very resistant to hostile enchantments, extremely
unstealthy
A: unfitting armour, rough black scales 1, strong 1, tough skin 1
a: Bend Time, Temporal Distortion, Slouch, Step From Time, Renounce Religion
}: 2/15 runes: decaying, gossamer


You were on level 1 of the Pits of Slime.
You worshipped Cheibriados.
Cheibriados was exalted by your worship.
You were completely stuffed.

You visited 7 branches of the dungeon, and saw 36 of its levels.
You also visited: Volcano.

You collected 4605 gold pieces.
You spent 3475 gold pieces at shops.

Inventory:

Hand Weapons
 a - a +6 giant spiked club of electrocution (weapon)
Missiles
 b - 14 large rocks (quivered)
Armour
 R - a troll hide
 W - the -2 hat of the Alchemist (worn) {rElec rPois rF+ rC+ rN+ MR+ rMut rCorr}
   (You bought it in a shop on level 15 of the Dungeon)

   It protects you from fire.
   It protects you from cold.
   It insulates you from electricity.
   It protects you from poison.
   It protects you from negative energy.
   It affects your resistance to hostile enchantments.
   It protects you from acid and corrosion.
   It protects you from mutation.
 X - a +3 pearl dragon armour (worn)
 Y - a +1 cloak of fire resistance (worn)
Jewellery
 z - an amulet of dismissal (around neck)
 A - a +3 ring of evasion (left hand)
 B - a ring of wizardry (right hand)
 D - an uncursed ring of protection from fire
 F - an uncursed ring of flight
Scrolls
 d - 2 scrolls of immolation
 k - 17 scrolls of teleportation
 l - 8 scrolls of blinking
 m - 4 scrolls of fog
 n - 5 scrolls of fear
 o - 12 scrolls of remove curse
 p - 12 scrolls of identify
 q - 7 scrolls of recharging
Potions
 c - a potion of invisibility
 e - 3 potions of ambrosia
 r - 13 potions of heal wounds
 s - 21 potions of curing
 t - 5 potions of magic
 u - a potion of resistance
 v - 2 potions of cancellation
 w - 5 potions of brilliance
 x - 11 potions of agility
 y - 7 potions of might
Comestibles
 f - 14 bread rations


   Skills:
 * Level 17.1 Fighting
 - Level 26.0 Maces & Flails
 - Level 10.1 Throwing
 - Level 7.0 Armour
 - Level 9.5 Dodging
   Level 2.6 Shields
 - Level 15.0 Spellcasting
 - Level 11.4 Invocations


You had 43 spell levels left.
You knew the following spells:

 Your Spells              Type           Power        Failure   Level  Hunger
d - Repel Missiles        Chrm/Air       ###...       4%          2    None
q - Corona                Hex            ###....      3%          1    None
P - Passwall              Trmt/Erth      ###.......   4%          2    None


Dungeon Overview and Level Annotations

Branches:
Dungeon (15/15)            Temple (1/1) D:4            Lair (8/8) D:10
  Swamp (4/4) Lair:3       Spider (4/4) Lair:6        Slime (2/6) Lair:7
    Orc (2/2) D:10            Elf (0/3) Orc:2        Vaults (0/5) D:14
 Depths (0/5) D:15

Altars:
Ashenzari
Cheibriados
Dithmenos
Elyvilon
Fedhas
Gozag
Kikubaaqudgha
Makhleb
Nemelex Xobeh
Okawaru
Pakellas
Qazlal
Ru
Sif Muna
Trog
Vehumet
Xom
Yredelemnul
Zin
The Shining One
Lugonu

Shops:
D:5 %   D:11 }   D:15 [   Orc:2 !*:?

Annotations:
D:10 Nergalle
Abyss:1 Duvessa


Innate Abilities, Weirdness & Mutations

You are too large for most types of armour.
You have tough skin (AC +1).
You are partially covered in rough black scales (AC +4, Dex -1).
Your muscles are strong. (Str +2)


Message History

The slime creature hits you but does no damage.
Unknown command.
You spit the azure jelly like a pig!!!
The azure jelly is almost dead.
The azure jelly hits you but does no damage.
The azure jelly hits you. The azure jelly freezes you! You resist.
* * * LOW HITPOINT WARNING * * *
The azure jelly barely misses you. The azure jelly completely misses you.
The slime creature hits you!
* * * LOW HITPOINT WARNING * * *
You puncture the azure jelly!
You kill the azure jelly!
Cheibriados thoroughly appreciates the change of pace.
Your Fighting skill increases to level 17!
The slime creature hits you.
* * * LOW HITPOINT WARNING * * *
The slime creature barely misses you.
The slime creature hits you but does no damage.
A slime creature comes into view.
You spit the slime creature like a pig!!!
There is a sudden explosion of sparks!
The slime creature is almost dead.
The slime creature hits you but does no damage.
The slime creature hits you!
* * * LOW HITPOINT WARNING * * *
A shining eye comes into view.
You flatten the slime creature like a pancake!!!!
There is a sudden explosion of sparks!
You kill the slime creature!
Cheibriados appreciates the change of pace.
The slime creature barely misses you.
You barely miss the slime creature. The slime creature misses you.
The slime creature barely misses you.
You hit the slime creature.
The slime creature is lightly wounded.
The slime creature hits you!
* * * LOW HITPOINT WARNING * * *
Your amulet of dismissal vibrates suddenly!
The slime creature disappears!
The slime creature hits you!
You die...

..........###...
..#....<.##.....
...............#
................
................
................
................
.J..............
...J...J@.......
........ยง.......
................
...............
...............
.........#.....
......G.#......
...#.....#.....


You could see 3 slime creatures and a shining eye.

Vanquished Creatures
  Arachne (Spider:4)
  A storm dragon (D:12)
  Kirke (Lair:6)
  3 thorn hunters
  Roxanne (Spider:4)
  Donald (Spider:1)
  An azure jelly (Slime:1)
  A frost giant (D:12)
  4 ghost moths (Spider:4)
  4 emperor scorpions (Spider:4)
  Louise (Swamp:3)
  The ghost of pedritolo the Brawler, an adept VSMo of Makhleb (Swamp:4)
  A very ugly thing (Swamp:1)
  Nessos (Orc:2)
  6 dire elephants (Lair:8)
  A deep elf annihilator (D:12)
  Josephine (D:10)
  A fire dragon (D:15)
  An ice dragon (D:15)
  3 entropy weavers
  23 hydras
  5 centaur warriors
  3 ogre magi
  Erica (D:9)
  3 alligators
  An anaconda (Lair:8)
  3 orc high priests (Orc:2)
  A deep elf knight (D:14)
  A skeletal warrior (D:14)
  An unseen horror (D:10)
  10 hill giants
  11 swamp dragons (Swamp:4)
  2 wizards
  4 spriggan druids
  3 shambling mangroves
  2 deep elf archers (D:15)
  17 orb spiders
  5 orc sorcerers (Orc:2)
  5 ugly things
  4 oklob plants (Lair:7)
  9 deep elf magi
  2 shining eyes (Slime:2)
  5 orc knights (Orc:2)
  10 hornets
  19 wolf spiders
  A griffon (Lair:6)
  A manticore (Lair:5)
  2 moths of wrath (Spider:1)
  4 cyclopes
  Maurice (D:9)
  2 centaur zombies (D:15)
  6 black mambas
  22 elephants
  3 gargoyles
  4 torpor snails
  21 spiny frogs
  A storm dragon simulacrum (D:15)
  7 centaur skeletons
  8 demonic crawlers
  4 kobold demonologists
  6 rime drakes
  10 komodo dragons
  2 efreet
  A harpy zombie (D:13)
  10 two-headed ogres
  6 trolls
  22 jumping spiders
  5 giant leeches
  16 slime creatures
  6 bog bodies
  8 blink frogs
  4 boulder beetles
  A flying skull (Volcano)
  3 vampires
  4 spriggans
  6 wraiths
  2 shadows (Swamp:2)
  65 redbacks
  24 tarantellas
  5 basilisks
  6 wyverns
  4 hogs (Lair:6)
  18 hippogriffs
  64 yaks
  A fire bat (shapeshifter) (D:13)
  3 hungry ghosts
  2 steam dragons
  17 vampire mosquitoes
  30 wolves
  11 insubstantial wisps
  A mottled dragon (D:12)
  15 swamp worms
  10 water moccasins
  Edmund (D:5)
  5 wargs
  3 hell hounds (Lair:5)
  11 porcupines
  3 ice beasts
  21 orc warriors
  2 sky beasts
  4 black bears
  2 necrophages (D:11)
  12 swamp drakes
  2 eyes of draining
  9 wasps
  3 phantoms
  17 ogres
  17 centaurs
  21 crocodiles
  9 big kobolds
  A gnoll sergeant (D:10)
  18 giant frogs
  2 scorpions
  A wyvern skeleton (D:9)
  A water moccasin skeleton (D:9)
  12 killer bees
  8 wights
  5 howler monkeys
  5 electric eels
  6 crimson imps
  A giant frog zombie (D:9)
  2 quasits
  7 jellies
  11 hounds
  15 orc priests
  2 giant frog skeletons
  19 orc wizards
  11 iguanas
  13 worker ants
  Terence (D:3)
  26 sheep
  A hound zombie (D:8)
  A hound skeleton (D:4)
  A mummy (Volcano)
  6 gnolls
  11 adders
  30 river rats
  6 shadow imps
  5 adder skeletons
  A worm (D:2)
  2 dart slugs
  4 giant geckos
  84 orcs
  6 bats
  5 giant cockroaches
  9 goblins
  14 hobgoblins
  6 jackals
  17 kobolds
  3 quokkas
  A ball python skeleton (D:6)
  13 giant newts
  A jackal skeleton (D:5)
  8 rats
  3 briar patches
  4 fungi
  8 plants
1219 creatures vanquished.

Vanquished Creatures (others)
  A spriggan druid (Swamp:4)
  A jumping spider (Spider:4)
  A hippogriff (D:8)
  An orc warrior (D:8)
  A giant frog (D:8)
  A giant frog zombie (D:12)
  2 orc priests
  2 orc wizards (D:3)
  A worker ant (D:6)
  4 orcs
  2 goblins
  A jackal (D:3)
  A giant newt (D:6)
  3 briar patches (Swamp:1)
  18 fungi
  10 plants
50 creatures vanquished.

Grand Total: 1269 creatures vanquished

Notes
Turn   | Place    | Note
--------------------------------------------------------------
     0 | D:1      | glosham the Ogre Fighter began the quest for the Orb.
     0 | D:1      | Reached XP level 1. HP: 24/24 MP: 1/1
    46 | D:2      | Reached skill level 3 in Maces & Flails
    50 | D:2      | Reached XP level 2. HP: 32/32 MP: 2/2
   103 | D:3      | Found a sacrificial altar of Ru.
   114 | D:3      | Reached skill level 4 in Maces & Flails
   135 | D:3      | Became a worshipper of Ru the Awakened
   174 | D:3      | Reached XP level 3. HP: 28/39 MP: 3/3
   331 | D:4      | Found a staircase to the Ecumenical Temple.
   364 | Temple   | Entered the Ecumenical Temple
   403 | Temple   | Fell from the grace of Ru
   403 | Temple   | Became a worshipper of the Shining One
   434 | D:5      | Entered Level 5 of the Dungeon
   444 | D:5      | Reached skill level 5 in Maces & Flails
   456 | D:5      | Noticed a centaur
   464 | D:5      | Killed a centaur
   464 | D:5      | Reached skill level 6 in Maces & Flails
   464 | D:5      | Reached XP level 4. HP: 11/48 MP: 4/4
   464 | D:5      | Reached XP level 5. HP: 12/54 MP: 5/5
   505 | D:5      | Noticed Duvessa
   559 | D:4      | Got a fine robe
   570 | D:4      | Identified the +1 robe of Inviolability {rN+ rCorr} (You found it on level 4 of the Dungeon)
   691 | D:4      | Reached skill level 7 in Maces & Flails
   824 | D:4      | Found a white marble altar of Elyvilon.
  1070 | D:4      | Reached skill level 8 in Maces & Flails
  1075 | D:4      | Reached XP level 6. HP: 53/62 MP: 6/6
  1283 | D:3      | Reached skill level 9 in Maces & Flails
  1613 | D:1      | Reached * piety under the Shining One
  2182 | D:2      | Found a sacrificial altar of Ru.
  2378 | D:3      | Noticed Terence
  2449 | D:3      | Killed Terence
  2580 | D:3      | Reached XP level 7. HP: 70/70 MP: 7/7
  2873 | D:5      | Banished Duvessa
  2873 | D:5      | Reached skill level 10 in Maces & Flails
  3037 | D:5      | Reached skill level 11 in Maces & Flails
  3237 | D:5      | Noticed Edmund
  3290 | D:5      | Found Teup's Food Shop.
  3473 | D:6      | Reached XP level 8. HP: 78/78 MP: 8/8
  3521 | D:6      | Found a stormy altar of Qazlal.
  3638 | D:6      | Reached ** piety under the Shining One
  3646 | D:6      | Reached skill level 12 in Maces & Flails
  3652 | D:6      | Reached skill level 5 in Fighting
  3947 | D:7      | Reached skill level 6 in Fighting
  3958 | D:8      | Found a shimmering altar of Xom.
  4084 | D:7      | Reached skill level 7 in Fighting
  4210 | D:7      | Found a glowing silver altar of Zin.
  4249 | D:8      | Reached skill level 8 in Fighting
  4389 | D:8      | Reached skill level 9 in Fighting
  4389 | D:8      | Reached XP level 9. HP: 93/98 MP: 9/9
  4490 | D:9      | Noticed Erica
  4563 | D:9      | Noticed a troll
  4598 | D:8      | Reached *** piety under the Shining One
  4601 | D:8      | Reached skill level 10 in Fighting
  4840 | D:8      | Reached skill level 11 in Fighting
  4897 | D:8      | Found a shattered altar of Ashenzari.
  4897 | D:8      | Found a snail-covered altar of Cheibriados.
  4898 | D:8      | Found a radiant altar of Vehumet.
  4947 | D:8      | Fell from the grace of the Shining One
  4947 | D:8      | Became a worshipper of Cheibriados the Contemplative
  5350 | D:5      | Killed Edmund
  5436 | D:7      | Reached skill level 13 in Maces & Flails
  5588 | D:9      | Noticed Maurice
  5591 | D:9      | Reached * piety under Cheibriados
  5676 | D:9      | Reached XP level 10. HP: 115/115 MP: 10/10
  5986 | D:9      | Reached skill level 14 in Maces & Flails
  6528 | D:9      | Killed Erica
  6528 | D:9      | Reached skill level 15 in Maces & Flails
  6862 | D:9      | Killed Maurice
  7017 | D:9      | Reached skill level 16 in Maces & Flails
  7111 | D:9      | Reached ** piety under Cheibriados
  7167 | D:9      | Learned a level 1 spell: Corona
  7201 | D:10     | Entered Level 10 of the Dungeon
  7450 | D:10     | Noticed Nergalle
  7460 | D:10     | Got a smoking glaive
  7473 | D:10     | Identified the cursed +1 glaive of Invincibility {speed, rPois} (You found it on level 10 of the Dungeon)
  7765 | D:10     | Found a staircase to the Lair.
  7945 | D:10     | Reached XP level 11. HP: 106/123 MP: 11/11
  8002 | D:10     | Found a staircase to the Orcish Mines.
  8005 | D:10     | Reached skill level 17 in Maces & Flails
  8013 | D:10     | Reached *** piety under Cheibriados
  8442 | D:10     | Noticed Josephine
  8463 | D:10     | Reached skill level 18 in Maces & Flails
  8492 | D:10     | Killed Josephine
  8801 | Lair:1   | Entered Level 1 of the Lair of Beasts
  9005 | Lair:1   | Reached **** piety under Cheibriados
  9071 | Lair:1   | Reached skill level 1 in Invocations
  9082 | Lair:1   | Reached skill level 2 in Invocations
  9095 | Lair:1   | Reached skill level 3 in Invocations
  9316 | D:10     | Killed an unseen horror
  9316 | D:10     | Reached skill level 4 in Invocations
  9390 | Lair:1   | Reached skill level 5 in Invocations
  9550 | Lair:1   | Reached skill level 3 in Dodging
  9702 | Lair:2   | Reached skill level 6 in Invocations
 10028 | Lair:2   | Reached XP level 12. HP: 116/131 MP: 16/16
 10213 | Lair:2   | Reached skill level 7 in Invocations
 10417 | Lair:3   | Found a staircase to the Swamp.
 10504 | Lair:3   | Found a runed door.
 10507 | Lair:3   | Noticed a seven-headed hydra
 10511 | Lair:3   | Reached ***** piety under Cheibriados
 10516 | Lair:3   | Killed a seven-headed hydra
 10526 | Lair:3   | Got a faintly glowing turquoise ring
 10528 | Lair:3   | Identified the ring of Wystidde {Int+5 Stlth-} (You found it on level 3 of the Lair of Beasts)
 10630 | Lair:3   | Reached skill level 19 in Maces & Flails
 10729 | Lair:3   | Reached skill level 8 in Invocations
 10739 | Lair:3   | Reached skill level 12 in Fighting
 11225 | Lair:2   | Reached skill level 9 in Invocations
 11275 | Lair:3   | Reached skill level 4 in Dodging
 11832 | D:11     | Noticed an eight-headed hydra
 11927 | D:11     | Found Pocin's Gadget Boutique.
 12095 | D:11     | Reached XP level 13. HP: 136/141 MP: 20/20
 12487 | D:11     | Reached ****** piety under Cheibriados
 12532 | D:12     | Reached skill level 5 in Dodging
 12535 | D:12     | Reached skill level 20 in Maces & Flails
 12808 | D:12     | Reached skill level 13 in Fighting
 13133 | D:12     | Reached skill level 10 in Invocations
 13256 | D:12     | Noticed a deep elf annihilator
 13262 | D:12     | Killed a deep elf annihilator
 13262 | D:12     | Reached skill level 1 in Throwing
 13271 | D:12     | Noticed a frost giant
 13272 | D:12     | Noticed a storm dragon
 13277 | D:12     | Killed a frost giant
 13278 | D:12     | Reached skill level 2 in Throwing
 13726 | D:12     | Reached skill level 6 in Dodging
 13867 | D:12     | Killed a storm dragon
 13867 | D:12     | Reached skill level 3 in Throwing
 13892 | D:13     | Reached skill level 21 in Maces & Flails
 14008 | D:13     | Found a corrupted altar of Lugonu.
 14228 | D:13     | Reached XP level 14. HP: 138/153 MP: 21/21
 14348 | D:13     | Reached skill level 4 in Throwing
 15294 | D:14     | Reached skill level 5 in Throwing
 15519 | D:15     | Entered Level 15 of the Dungeon
 15969 | D:14     | Reached skill level 11 in Invocations
 15970 | D:14     | Reached skill level 6 in Throwing
 16111 | D:14     | Reached skill level 7 in Dodging
 16327 | D:14     | Found a gate to the Vaults.
 16388 | D:15     | Found Esiolenlai's Armour Emporium.
 16398 | D:15     | Bought the -2 hat of the Alchemist {rElec rPois rF+ rC+ rN+ MR+ rMut rCorr} for 755 gold pieces
 16643 | D:15     | Reached skill level 7 in Throwing
 16667 | D:15     | HP: 15/153 [centaur warrior/arrow (25)]
 17030 | D:15     | Reached skill level 22 in Maces & Flails
 17281 | D:15     | Reached XP level 15. HP: 134/159 MP: 23/23
 17293 | D:15     | Reached skill level 8 in Throwing
 17685 | D:15     | Found a staircase to the Depths.
 17918 | Orc:1    | Entered Level 1 of the Orcish Mines
 18281 | Orc:2    | Entered Level 2 of the Orcish Mines
 18673 | Orc:2    | Found a staircase to the Elven Halls.
 18736 | Orc:2    | Noticed Nessos
 18793 | Orc:2    | Killed Nessos
 19008 | Orc:2    | Reached skill level 8 in Dodging
 19140 | Orc:2    | Reached skill level 9 in Throwing
 19755 | Orc:2    | Found Qanit's Magic Scroll Boutique.
 19763 | Orc:2    | Found Yngysati's General Store.
 19765 | Orc:2    | Found Giril's Distillery.
 19765 | Orc:2    | Found Wauxi's Book Emporium.
 19795 | Orc:2    | Bought a scroll of holy word for 97 gold pieces
 19795 | Orc:2    | Bought a scroll of blinking for 97 gold pieces
 19816 | Orc:2    | Bought a potion of cure mutation for 300 gold pieces
 20498 | Lair:5   | Reached skill level 10 in Throwing
 20579 | Lair:5   | Reached skill level 23 in Maces & Flails
 20811 | Lair:5   | Identified the Volume of Scorching Boosts (You found it on level 5 of the Lair of Beasts)
 20823 | Lair:5   | Learned a level 2 spell: Repel Missiles
 21127 | Lair:5   | Identified a scroll of acquirement
 21250 | Lair:5   | Reached skill level 9 in Dodging
 21442 | Lair:6   | Found a hole to the Spider Nest.
 21507 | Lair:6   | You fall through a shaft!
 21548 | Lair:7   | Reached XP level 16. HP: 170/170 MP: 24/24
 21602 | Lair:6   | Learned a level 2 spell: Passwall
 22054 | Lair:6   | Noticed Kirke
 22060 | Lair:6   | Killed Kirke
 22495 | Lair:7   | Found a staircase to the Slime Pits.
 22675 | Lair:7   | Reached skill level 24 in Maces & Flails
 22772 | Lair:7   | Reached skill level 1 in Armour
 22810 | Lair:8   | Entered Level 8 of the Lair of Beasts
 22845 | Lair:8   | Reached skill level 2 in Armour
 22895 | Lair:8   | Found a dark tunnel.
 22915 | Volcano  | Entered a volcano
 23266 | Lair:8   | Reached skill level 3 in Armour
 23636 | Lair:8   | Reached skill level 4 in Armour
 23781 | Lair:8   | Reached skill level 5 in Armour
 23913 | Lair:8   | Identified a +1 rod of clouds (12/12) (You found it on level 8 of the Lair of Beasts)
 24222 | Lair:5   | Reached skill level 6 in Armour
 24458 | Orc:2    | Bought a scroll of recharging for 123 gold pieces
 24458 | Orc:2    | Bought a scroll of recharging for 123 gold pieces
 24460 | Orc:2    | Bought a manual of Spellcasting for 1656 gold pieces
 24468 | Orc:2    | Bought a potion of heal wounds for 60 gold pieces
 24470 | Orc:2    | Bought a potion of magic for 96 gold pieces
 24470 | Orc:2    | Bought a potion of heal wounds for 60 gold pieces
 24470 | Orc:2    | Bought a potion of curing for 36 gold pieces
 24470 | Orc:2    | Bought 2 potions of curing for 72 gold pieces
 24594 | Swamp:1  | Entered Level 1 of the Swamp
 24607 | Swamp:2  | Reached skill level 2 in Spellcasting
 24632 | Swamp:2  | Reached skill level 3 in Spellcasting
 24648 | Swamp:2  | Reached skill level 4 in Spellcasting
 24862 | Swamp:2  | Reached skill level 5 in Spellcasting
 24951 | Swamp:3  | Reached skill level 6 in Spellcasting
 25012 | Swamp:4  | Entered Level 4 of the Swamp
 25013 | Swamp:4  | Upgraded the game from 0.18-a0-1497-g788d838 to 0.18-a0-1507-g69458e0
 25042 | Swamp:4  | Reached skill level 7 in Spellcasting
 25224 | Swamp:4  | Noticed pedritolo's ghost (adept VSMo)
 25230 | Swamp:4  | Killed pedritolo's ghost
 25230 | Swamp:4  | Reached skill level 8 in Spellcasting
 25314 | Swamp:4  | Reached skill level 9 in Spellcasting
 25314 | Swamp:4  | Reached XP level 17. HP: 171/178 MP: 28/30
 25346 | Swamp:4  | Reached skill level 10 in Spellcasting
 25400 | Swamp:4  | Reached skill level 11 in Spellcasting
 25497 | Swamp:4  | Reached skill level 12 in Spellcasting
 25619 | Swamp:4  | Reached skill level 13 in Spellcasting
 25632 | Swamp:4  | Got a decaying rune of Zot
 25991 | Swamp:3  | Reached skill level 14 in Spellcasting
 26324 | Swamp:3  | Noticed Louise
 26334 | Swamp:3  | Killed Louise
 26712 | Swamp:2  | Reached skill level 15 in Spellcasting
 27260 | D:10     | Gained mutation: Your muscles are strong. (Str +2) [potion of beneficial mutation]
 27375 | Spider:1 | Entered Level 1 of the Spider Nest
 27844 | Spider:1 | Gained mutation: You are partially covered in rough black scales (AC +4, Dex -1). [potion of beneficial mutation]
 27997 | Spider:1 | Reached skill level 25 in Maces & Flails
 28094 | Spider:1 | Reached skill level 7 in Armour
 28094 | Spider:1 | Reached XP level 18. HP: 187/187 MP: 37/37
 28310 | Spider:2 | Reached XP level 19. HP: 195/195 MP: 38/38
 28499 | Spider:4 | Entered Level 4 of the Spider Nest
 28607 | Spider:4 | Noticed Arachne
 28612 | Spider:4 | Killed Arachne
 28847 | Spider:4 | Noticed Roxanne
 28858 | Spider:4 | Killed Roxanne
 28859 | Spider:4 | Reached skill level 26 in Maces & Flails
 28867 | Spider:4 | Identified Roxanne's Volume of Transmigration (You took it off Roxanne on level 4 of the Spider Nest)
 29085 | Spider:4 | Reached skill level 14 in Fighting
 29384 | Spider:4 | Reached skill level 15 in Fighting
 29442 | Spider:4 | Got a gossamer rune of Zot
 29697 | Spider:2 | Reached skill level 16 in Fighting
 30175 | Spider:1 | Noticed Donald
 30186 | Spider:1 | Killed Donald
 30670 | Slime:1  | Entered Level 1 of the Pits of Slime
 30743 | Slime:1  | Reached skill level 17 in Fighting
 30744 | Slime:1  | HP: 20/209 [slime creature (14)]
 30747 | Slime:1  | Slain by a slime creature

Vault maps used:
D:1:      elethiomel_arrival_quiet, minmay_newt_pond
D:2:      nicolae_ru_path_of_blood
D:3:      nicolae_overflow_crystal_walls, first_bread, uniq_terence
D:4:      corexii_shantytown, kennysheep_little_box, minmay_temple_entry_glass
D:5:      serial_shops, shop_fountains, grunt_ministairs_14, uniq_duvessa,
          uniq_edmund
D:6:      grunt_qazlal_clouds
D:7:      zin_statuary
D:8:      xom_teletrap_fun, gammafunk_temple_overflow_claw
D:9:      uniq_maurice, uniq_erica
D:10:     erik_lair_orcish_takeover, kennysheep_orc_monster_closet_entryway,
          uniq_nergalle, uniq_josephine
D:11:     serial_shops, kennysheep_mini_moat, blue_anna_alchemist
D:12:     minmay_textured_paths
D:13:     kennysheep_kobold_lugonu_temple
D:14:     hangedman_vaults_entry_quadrant_bands, minmay_splitting_lines
D:15:     grunt_enter_depths_hoard, minmay_door_square, serial_shops, shop
Temple:   circular_temple_pool_12
Lair:1:   infiniplex_staircase_pool
Lair:3:   swamp_mist, pf_torpor_hydra, serial_bayou_shore_a, grunt_megastairs_3
Lair:4:   minivault_11
Lair:5:   special_room
Lair:6:   spider_nest_entry_web_field, uniq_kirke
Lair:7:   minmay_slime_entry_oklob_enclosed
Lair:8:   due_jungle_book, enter_volcano_2, serial_bayou_shore_b,
          grunt_megastairs_1
Swamp:1:  evilmike_swamp_ruin_rubble_1
Swamp:2:  evilmike_swamp_ruin_wall, swamp_pool3
Swamp:3:  hangedman_swamp_cone, uniq_louise
Swamp:4:  swamp
Spider:1: guppyfry_spider_mini_1, uniq_donald
Spider:2: spiders_nest_spider_trap
Spider:3: nicolae_orb_stairs
Spider:4: spider_rune_water, uniq_arachne, uniq_roxanne
Slime:1:  nicolae_slime_ancient_tower_intersection
Orc:2:    st_orc_elflike, uniq_nessos
Volcano:  volcano_tomb

Skill      XL: |  1  2  3  4  5  6  7  8  9 10 11 12 13 14 15 16 17 18 19 |
---------------+----------------------------------------------------------+-----
Maces & Flails | 3 4 6 8 9 11 12 13 16 18 19 21 22 23 24 25 26 | 26.0
Fighting       | 9 11 12 13 17 | 17.1
Invocations    | 6 9 10 11 | 11.4
Dodging        | 3 4 6 7 9 |  9.5
Throwing       | 3 7 10 | 10.1
Armour         | 6 7 |  7.0
Spellcasting   | 9 15 | 15.0
Shields        | |  2.6

Action                   |  1- 3 |  4- 6 |  7- 9 | 10-12 | 13-15 | 16-18 | 19-21 || total
-------------------------+-------+-------+-------+-------+-------+-------+-------++-------
Melee: Flail             |    77 |    36 |       |    11 |       |       |       ||   124
       Whip              |       |   147 |   259 |       |       |       |       ||   406
       Giant spiked club |       |       |    65 |   573 |   784 |   833 |   307 ||  2562
       Demon whip        |       |       |       |       |    34 |    54 |       ||    88
Throw: Large rock        |       |       |       |       |    31 |    19 |    42 ||    92
 Cast: Corona            |       |       |       |       |    15 |     9 |       ||    24
       Repel Missiles    |       |       |       |       |     2 |     6 |       ||     8
       Passwall          |       |       |       |       |       |     5 |     6 ||    11
Invok: Slouch            |       |       |       |     2 |     6 |       |     7 ||    15
       Temporal Distorti |       |       |       |       |     1 |     3 |       ||     4
       Step From Time    |       |       |       |       |     1 |       |       ||     1
Evoke: Wand              |       |       |     2 |     6 |       |       |       ||     8
  Use: Scroll            |     4 |    10 |     6 |     7 |     9 |    12 |     2 ||    50
       Potion            |       |       |     2 |     4 |       |     3 |       ||     9
 Stab: Sleeping          |       |       |       |     5 |     9 |       |       ||    14
       Distracted        |       |       |       |       |     6 |     3 |     1 ||    10
  Eat: Chunk             |       |     6 |    10 |     9 |    13 |    13 |     5 ||    56
       Pizza             |       |       |     1 |       |     2 |       |       ||     3
       Fruit             |       |       |       |       |     4 |     4 |     3 ||    11
       Beef jerky        |       |       |       |       |     1 |       |     5 ||     6
       Royal jelly       |       |       |       |       |     1 |       |       ||     1

Table legend:
 A = Turns spent in this place as a percentage of turns spent in the entire game.
 B = Non-inter-level travel turns spent in this place as a percentage of non-inter-level travel turns spent in the entire game.
 C = Inter-level travel turns spent in this place as a percentage of turns spent in this place.
 D = Turns resting spent in this place as a percentage of non-inter-level travel turns spent in this place.
 E = Turns spent auto-exploring this place as a percentage of non-inter-level travel turns spent in this place.
 F = Non-inter-level travel turns spent in this place divided by the number of levels of this place that you've seen.
                   A       B       C       D       E      F
               +-------+-------+-------+-------+-------+----------------------
         Total | 100.0 | 100.0 |   0.7 |   1.0 |   0.0 | 564.1
       Dungeon |  43.0 |  42.9 |   0.9 |   1.1 |   0.0 | 597.5
        Temple |   0.2 |   0.2 |   2.1 |   4.3 |   0.0 |  47.0
          Lair |  25.6 |  25.6 |   0.8 |   0.6 |   0.0 | 667.0
         Swamp |  10.7 |  10.7 |   0.1 |   1.5 |   0.0 | 560.2
   Spider Nest |  13.1 |  13.1 |   0.3 |   0.3 |   0.0 | 685.8
    Slime Pits |   0.3 |   0.3 |   0.0 |   0.0 |   0.0 |  34.5
  Orcish Mines |   6.3 |   6.3 |   1.0 |   2.6 |   0.1 | 660.0
       Volcano |   0.7 |   0.7 |   0.0 |   0.0 |   0.0 | 151.0
               +-------+-------+-------+-------+-------+----------------------

Table legend:
 A = Kills in this place as a percentage of kills in entire the game.
 B = Kills by you in this place as a percentage of kills by you in the entire game.
 C = Kills by friends in this place as a percentage of kills by friends in the entire game.
 D = Other kills in this place as a percentage of other kills in the entire game.
 E = Experience gained in this place as a percentage of experience gained in the entire game.
 F = Experience gained in this place divided by the number of levels of this place that you have seen.
                   A       B       C       D       E      F
               +-------+-------+-------+-------+-------+----------------------
         Total | 100.0 | 100.0 |  -nan | 100.0 | 100.0 | 8456.6
       Dungeon |  40.5 |  39.8 |  -nan |  88.2 |  24.8 | 5182.7
          Lair |  25.1 |  25.4 |  -nan |   0.0 |  24.3 | 9490.2
         Swamp |  11.0 |  11.0 |  -nan |   5.9 |  19.2 | 15006.8
   Spider Nest |  15.2 |  15.3 |  -nan |   5.9 |  25.3 | 19785.5
    Slime Pits |   1.1 |   1.1 |  -nan |   0.0 |   1.5 | 2335.5
  Orcish Mines |   7.0 |   7.1 |  -nan |   0.0 |   4.7 | 7368.0
       Volcano |   0.3 |   0.3 |  -nan |   0.0 |   0.2 | 657.0
               +-------+-------+-------+-------+-------+----------------------

Vault maps used:
D:1:      elethiomel_arrival_quiet, minmay_newt_pond
D:2:      nicolae_ru_path_of_blood
D:3:      nicolae_overflow_crystal_walls, first_bread, uniq_terence
D:4:      corexii_shantytown, kennysheep_little_box, minmay_temple_entry_glass
D:5:      serial_shops, shop_fountains, grunt_ministairs_14, uniq_duvessa,
          uniq_edmund
D:6:      grunt_qazlal_clouds
D:7:      zin_statuary
D:8:      xom_teletrap_fun, gammafunk_temple_overflow_claw
D:9:      uniq_maurice, uniq_erica
D:10:     erik_lair_orcish_takeover, kennysheep_orc_monster_closet_entryway,
          uniq_nergalle, uniq_josephine
D:11:     serial_shops, kennysheep_mini_moat, blue_anna_alchemist
D:12:     minmay_textured_paths
D:13:     kennysheep_kobold_lugonu_temple
D:14:     hangedman_vaults_entry_quadrant_bands, minmay_splitting_lines
D:15:     grunt_enter_depths_hoard, minmay_door_square, serial_shops, shop
Temple:   circular_temple_pool_12
Lair:1:   infiniplex_staircase_pool
Lair:3:   swamp_mist, pf_torpor_hydra, serial_bayou_shore_a, grunt_megastairs_3
Lair:4:   minivault_11
Lair:5:   special_room
Lair:6:   spider_nest_entry_web_field, uniq_kirke
Lair:7:   minmay_slime_entry_oklob_enclosed
Lair:8:   due_jungle_book, enter_volcano_2, serial_bayou_shore_b,
          grunt_megastairs_1
Swamp:1:  evilmike_swamp_ruin_rubble_1
Swamp:2:  evilmike_swamp_ruin_wall, swamp_pool3
Swamp:3:  hangedman_swamp_cone, uniq_louise
Swamp:4:  swamp
Spider:1: guppyfry_spider_mini_1, uniq_donald
Spider:2: spiders_nest_spider_trap
Spider:3: nicolae_orb_stairs
Spider:4: spider_rune_water, uniq_arachne, uniq_roxanne
Slime:1:  nicolae_slime_ancient_tower_intersection
Orc:2:    st_orc_elflike, uniq_nessos
Volcano:  volcano_tomb
